 Dungeon Crawl Stone Soup version 0.26.1-2-gb8aa6d0cf2 (webtiles) character file.

Game seed: 536810843818836646

91 TurboTronic the Cudgeller (level 4, -7/44 HPs)
             Began as a Troll Berserker on Feb 24, 2021.
             Was a Believer of Trog.
             Killed by divine providence
             ... invoked by an orc priest
              (15 damage)
             ... on level 3 of the Dungeon.
             The game lasted 00:15:40 (2269 turns).

TurboTronic the Cudgeller (Troll Berserker)         Turns: 2269, Time: 00:15:41

Health: -7/44      AC:  6    Str: 25    XL:     4   Next: 34%
Magic:  3/3        EV:  7    Int:  4    God:    Trog [**....]
Gold:   97         SH:  7    Dex:  9    Spells: 3/3 levels left

rFire    . . .     SeeInvis .   j - +0 club
rCold    . . .     Faith    .   p - +0 kite shield
rNeg     + . .     Spirit   .   b - +0 animal skin
rPois    .         Reflect  .   (helmet restricted)
rElec    .         Harm     .   (no cloak)
rCorr    .         Rampage  .   (gloves unavailable)
Will     .....                  (boots unavailable)
Stlth    +.........             (no amulet)
HPRegen  0.54/turn              t - ring of positive energy
MPRegen  0.08/turn              (no ring)

@: no status effects
A: large, unfitting armour, claws 3, regeneration 1, shaggy fur 1, tough skin 3
a: Renounce Religion, Berserk, Trog's Hand


You were on level 3 of the Dungeon.
You worshipped Trog.
Trog was pleased with you.
You visited 1 branch of the dungeon, and saw 3 of its levels.

You collected 97 gold pieces.

Inventory:

Hand Weapons
 a - a +0 mace
 j - a +0 club (weapon)
 m - a cursed -2 hunting sling
 o - a +1 whip of electrocution
Missiles
 d - 38 bolts
 q - a throwing net
Armour
 b - a +0 animal skin (worn)
 k - a +0 leather armour
 n - a +0 helmet
 p - a +0 kite shield (worn)
Jewellery
 t - a ring of positive energy (left claw)
 u - a +6 ring of strength
Wands
 s - a wand of disintegration (11)
Scrolls
 e - 3 scrolls of identify {unknown}
 f - a scroll of fear {unknown}
 g - 2 scrolls of teleportation {unknown}
 l - a scroll of remove curse {unknown}
 r - a scroll of enchant armour {unknown}
Potions
 c - 3 potions of attraction {unknown}
 h - a potion of might {unknown}
 i - 2 potions of curing {unknown}


   Skills:
 + Level 2.8 Fighting
 + Level 3.8 Maces & Flails
 + Level 3.0 Dodging
 + Level 0.2 Stealth


You had 3 spell levels left.
You didn't know any spells.
Your spell library was empty.

Dungeon Overview and Level Annotations

Branches:
Dungeon (3/15)

Altars:
Dithmenos


Innate Abilities, Weirdness & Mutations

You are too large for most types of armour.
You have claws for hands.
Your natural rate of healing is unusually fast.
You are covered in fur. (AC +1)
You have extremely tough skin. (AC +3)


Message History

Things that are here:
a +0 club; 26 stones; a goblin corpse An orc priest comes into view.
It is wielding a +0 flail.
The orc priest shouts!
You hear a shout! x2
The orc priest invokes the aid of Beogh against you.
Beogh smites you!
An orc wizard comes into view. It is wielding a +1 dagger of venom.
An orc wizard comes into view. It is wielding a +0 dagger.
An orc comes into view. It is wielding a +0 dagger.
The orc wizard gestures wildly while chanting.
The orc wizard seems to speed up.
The orc shouts!
The orc priest calls down the wrath of Beogh upon you.
Beogh smites you!
* * * LOW HITPOINT WARNING * * *
The orc wizard mumbles some strange words.
The orc wizard blinks!
The orc priest calls down the wrath of Beogh upon you.
Beogh smites you!
You die...

#..
..'.........+...........
#..
###.........####.(...###
###. ##.......## ##....#
. ##.....## ##...#
##...## ##.## ##'## #.#
#.# #.# #.######## #.#
#########@)......# #.
##.....o.o..#####.#
#...ยง.o......#
#..####.....## #.
#...........#
...##..#..#### ...
.o..#.... #. ####.#.####
# #.#.#


You could see an orc priest, 2 orc wizards and an orc.

Vanquished Creatures
  3 adders
  2 worms
  3 dart slugs (D:2)
  2 leopard geckos (D:2)
  An orc (D:3)
  3 giant cockroaches
  6 hobgoblins
  2 jackals (D:2)
  3 quokkas
  4 bats
  3 frilled lizards
  5 goblins
  6 kobolds
  7 rats
50 creatures vanquished.

Notes
Turn   | Place    | Note
-------+----------+-------------------------------------------
     0 | D:1      | TurboTronic the Troll Berserker began the quest for the
                  | Orb.
     0 | D:1      | Reached XP level 1. HP: 22/22 MP: 0/0
   111 | D:2      | Reached XP level 2. HP: 29/29 MP: 1/1
   410 | D:2      | Found a shadowy altar of Dithmenos.
   490 | D:1      | Reached XP level 3. HP: 36/36 MP: 2/2
  1460 | D:2      | Reached ** piety under Trog
  1859 | D:3      | Reached XP level 4. HP: 40/44 MP: 3/3
  2269 | D:3      | Killed from afar by an orc priest

Illustrated notes

Levels and vault maps discovered:
D:1:      amcnicky_arrival_double_pillar, layout_loops_corners
D:2:      layout_rooms, grunt_dithmenos_smoke, grunt_decor_one_mirror
D:3:      layout_loops_corners

Skill      XL: |  1  2  3  4 |
---------------+-------------+-----
Maces & Flails | 3 |  3.8
Dodging        | 3 |  3.0
Fighting       | |  2.8
Stealth        | |  0.2

Action                   |  1- 3 |  4- 6 || total
-------------------------+-------+-------++-------
Melee: Mace              |    37 |       ||    37
       Club              |    90 |    58 ||   148
Invok: Berserk           |     4 |     1 ||     5
       Trog's Hand       |     1 |       ||     1
 Stab: Sleeping          |       |     1 ||     1
Armor: Animal skin       |   107 |    29 ||   136
Dodge: Dodged            |   109 |    20 ||   129
Block: Kite shield       |     3 |    28 ||    31
